[Event "Late-Titled-Tuesday-Blitz-May-28-2024"]
[Site "Chess.com"]
[Date "2024.05.28"]
[Round "9"]
[White "th3d4rkness"]
[Black "Dexter_Dyke"]
[Result "0-1"]
[WhiteElo "2181"]
[BlackElo "2448"]
[TimeControl "180+1"]
[EndTime "15:44:14 PDT"]
[Termination "Dexter_Dyke won by resignation"]

1. e4 e6 2. d4 a6 3. c4 d5 4.
cxd5 exd5 5. e5 c5 6. dxc5 Bxc5 7. Bd3 Nc6 8. Nf3 Bg4 9. Bf4 Nge7 10. Bg3 Nf5 11. Bxf5 Bxf5 12. Nc3 d4 13. Ne2 Bb4+ 14. Kf1 d3 15. Nf4 Qd7 16. a3 Be7 17. h3 O-O 18. Kg1 Rad8 19. Kh2 h6 20. Re1 Rfe8 21. Nh4 Bh7 22.
Nf3 Bf8 23. Qd2 Nd4 24. Nxd4 Qxd4 25. e6 g5 26. exf7+ Kxf7 27. Nh5 Bg6 28. Rxe8 Rxe8 29. f4 Bxh5 30. fxg5 Qe3 31. Qa5 d2 32. Qf5+ Kg8 33.
g6 Bxg6 34. Qxg6+ Bg7 35. Rd1 Re6 36. Qg4 Kh7 37. Qf5+ Kh8 38. Bf4 Qe4 39. Qg4 Rg6 40. Qc8+ Kh7 41. Rxd2 Qxf4+ 42. Kg1 Qxd2 0-1

[Event "Late-Titled-Tuesday-Blitz-May-28-2024"]
[Site "Chess.com"]
[Date "2024.05.28"]
[Round "9"]
[White "giomar27"]
[Black "el008"]
[Result "1-0"]
[WhiteElo "2476"]
[BlackElo "2545"]
[TimeControl "180+1"]
[EndTime "15:44:15 PDT"]
[Termination "giomar27 won by resignation"]

1. Nf3 g6 2. g3 Bg7 3. Bg2 e5 4. c4 c5 5. Nc3 Nc6 6. d3 Nge7 7. Bd2 O-O 8. h4 h5 9. Qc1 d6 10. Bh6 Bg4 11. O-O Rb8 12. a3 a6 13. Rb1 b5 14. Bxg7 Kxg7 15. cxb5 axb5 16. b4 cxb4 17. axb4 Bxf3 18. Bxf3 Nd4 19. Bg2 Rc8 20. Re1 Qc7 21. Na2 Qxc1 22. Rbxc1 Rxc1 23. Nxc1 Nc2 24. Rd1 Nxb4 25.
Rd2 Rc8 26. Nb3 Rc2 27. Rxc2 Nxc2 28. Kf1 Nc8 29. e3 Nb6 30. Ke2 Na4 31. Kd2 Na3 32. Bc6 Kf8 33. Na1 Nc5 34. d4 exd4 35. exd4 Ne6 36.
Kc3 b4+ 37. Kxb4 Nxd4 38. Be4 Nab5 39. Bd3 Nc7 40. Kc4 Nf3 41. Nc2 Ne5+ 42. Kd4 Ne6+ 43. Ke3 Ke7 44. Be4 Nc5 45. Bd5 Ncd7 46. Nd4 Nf6 47.
Bb3 d5 48. Kf4 Nd3+ 49. Kg5 Nxf2 50. Nc6+ Kd6 51. Kxf6 Kxc6 52. Kxf7 Ne4 53. Kxg6 Nxg3 54. Kg5 Kc5 55. Kf4 Ne4 56. Bd1 Nf6 57. Kg5 Ne4+ 58.
Kxh5 d4 59. Kg6 Nf2 60. Bf3 Nd3 61. Kg5 Ne5 62. Bd1 d3 63. h5 d2 64. Kf6 Nd7+ 65.
Ke7 Ne5 66. h6 Kd4 67. h7 Ng6+ 68. Kf6 Nh8 69. Kg7 1-0

[Event "Late-Titled-Tuesday-Blitz-May-28-2024"]
[Site "Chess.com"]
[Date "2024.05.28"]
[Round "9"]
[White "GianmarcoVaR"]
[Black "maximnovik"]
[Result "1-0"]
[WhiteElo "2718"]
[BlackElo "2562"]
[TimeControl "180+1"]
[EndTime "15:44:19 PDT"]
[Termination "GianmarcoVaR won by resignation"]

1. Nf3 Nf6 2. g3 d5 3. Bg2 g6 4.
O-O Bg7 5. d3 O-O 6. Nc3 c5 7. e4 d4 8. Nb1 Nc6 9. Na3 e5 10. Nd2 Rb8 11. Nb3 Qe7 12. f4 Ng4 13.
Qe2 b5 14. h3 Nf6 15. f5 Nh5 16. Kh2 Bf6 17. Bh6 Re8 18. Rf2 Ba6 19. Raf1 c4 20. Nd2 c3 21. fxg6 fxg6 22. bxc3 dxc3 23. Nb3 Qxa3 24.
Rxf6 Nxf6 25. Rxf6 Qe7 26. Rxc6 Bb7 27. Rxc3 b4 28.
Rc5 Rbc8 29. Rxc8 Rxc8 30. Na5 Ba6 31. Nc4 Bxc4 32. dxc4 Qf7 33. Bf1 a5 34. Be3 Qf6 35. c5 Rf8 36. Kg1 Kg7 37. Kg2 Rf7 38. Qd1 g5 39. Bc4 Rc7 40. Qd6 Qxd6 41. cxd6 Rxc4 42. d7 Rxc2+ 43. Kf3 1-0

[Event "Late-Titled-Tuesday-Blitz-May-28-2024"]
[Site "Chess.com"]
[Date "2024.05.28"]
[Round "9"]
[White "RuperezA"]
[Black "MatthewG-p4p"]
[Result "1-0"]
[WhiteElo "2741"]
[BlackElo "2836"]
[TimeControl "180+1"]
[EndTime "15:44:20 PDT"]
[Termination "RuperezA won on time"]

1. e4 e6 2. b3 d5 3. Bb2 c5 4.
exd5 exd5 5. Nf3 Nf6 6. d4 Bd6 7. Be2 O-O 8. O-O Nc6 9. dxc5 Bxc5 10. Nc3 Re8 11. Na4 Bd6 12. c4 dxc4 13. Bxc4 a6 14. Nc3 Bg4 15. h3 Bh5 16. Nd5 Ne4 17. Re1 Bc5 18.
Ne3 Qxd1 19. Raxd1 Bxf3 20. gxf3 Ng5 21. Kg2 Ne6 22. Nf5 Bf8 23. Rd7 g6 24. Bxe6 fxe6 25. Ng7 Re7 26. Rxe7 Bxe7 27. Nxe6 Bb4 28. Rd1 Re8 29.
Ng5 Re2 30. Ba1 Rxa2 31. Bf6 h6 32. Ne4 Kf7 33. Rd7+ Ke6 34. Rxb7 Be1 35. Bc3 Bxc3 36. Nxc3 Nd4 37. Nxa2 1-0

[Event "Late-Titled-Tuesday-Blitz-May-28-2024"]
[Site "Chess.com"]
[Date "2024.05.28"]
[Round "9"]
[White "emeli_chess"]
[Black "Mariia89"]
[Result "1-0"]
[WhiteElo "2418"]
[BlackElo "2226"]
[TimeControl "180+1"]
[EndTime "15:44:20 PDT"]
[Termination "emeli_chess won on time"]

1. d4 Nf6 2. c4 c5 3. d5 b5 4. cxb5 a5 5. b6 Qxb6 6. Nc3 d6 7. e4 Ba6 8. Bxa6 Nxa6 9. Nf3 g6 10. O-O Bg7 11. Nd2 Nd7 12. Nc4 Qc7 13. Bg5 h6 14. Bf4 O-O 15. Qd2 Kh7 16. Nb5 Qd8 17. a4 Nb4 18. Rae1 Nb6 19. b3 Qb8 20. Re3 g5 21. Bg3 Qb7 22. f4 g4 23. f5 Bf6 24. Bf4 Rg8 25.
Bxh6 N6xd5 26. exd5 Nxd5 27. Rd3 Nb4 28. Rg3 Qe4 29.
Bf4 Rg7 30. Qe3 Qc2 31. Qd2 Qe4 32. Re1 Qc6 33. Qe2 Rag8 34. Re3 Na2 35. Qxa2 1-0

[Event "Late-Titled-Tuesday-Blitz-May-28-2024"]
[Site "Chess.com"]
[Date "2024.05.28"]
[Round "9"]
[White "katharinareinecke"]
[Black "lluiss"]
[Result "0-1"]
[WhiteElo "1952"]
[BlackElo "2163"]
[TimeControl "180+1"]
[EndTime "15:44:20 PDT"]
[Termination "lluiss won on time"]

1. d4 Nf6 2. Nf3 g6 3. g3 Bg7 4. Bg2 O-O 5. O-O d5 6. c4 c6 7. b3 dxc4 8. bxc4 c5 9. e3 Nc6 10. Bb2 Ne4 11. Nbd2 Nd6 12. Rb1 cxd4 13. exd4 Bg4 14.
Qb3 Bxf3 15. Nxf3 Na5 16. Qb4 Naxc4 17. Ne5 Rc8 18. Nxc4 Rxc4 19. Qa3 a6 20. Rfc1 Rxc1+ 21. Rxc1 Nb5 22. Qb4 Bxd4 23. Bxd4 Nxd4 24. Kh1 b5 25. Rd1 e5 26. f4 Nc6 27. Rxd8 Nxb4 28. Rd6 exf4 29.
gxf4 Rc8 30. Bb7 Rc1+ 31. Kg2 Rc2+ 32. Kh3 Rxa2 33. Rd8+ Kg7 34. f5 gxf5 0-1

[Event "Late-Titled-Tuesday-Blitz-May-28-2024"]
[Site "Chess.com"]
[Date "2024.05.28"]
[Round "9"]
[White "Goryachkina"]
[Black "Bilan_Danila"]
[Result "1-0"]
[WhiteElo "2719"]
[BlackElo "2563"]
[TimeControl "180+1"]
[EndTime "15:44:21 PDT"]
[Termination "Goryachkina won by checkmate"]

1. e4 c6 2. d4 d5 3. e5 c5 4. Nf3 Nc6 5. dxc5 e6 6. Bd3 Bxc5 7. O-O Nge7 8. Nbd2 Ng6 9. Nb3 Be7 10. Re1 Qc7 11.
Qe2 Bd7 12. c3 Na5 13. g3 Nxb3 14. axb3 Bc5 15. b4 Bb6 16. Be3 Ne7 17. Bxb6 Qxb6 18.
Ng5 h6 19. Qh5 g6 20. Qh4 Qd8 21. Nf3 Nf5 22. Qh3 Qb6 23. Bxf5 exf5 24. Nd4 Be6 25. Qh4 Qd8 26. Qxd8+ Kxd8 27. Ra5 b6 28. Ra6 Kc7 29.
Rea1 Kb7 30. Nb5 Kc6 31. Nd4+ Kb7 32. f4 Rhg8 33. Kf2 Rge8 34. Nb5 Kc6 35. Nd6 Re7 36. b5+ Kc5 37. b4# 1-0

[Event "Late-Titled-Tuesday-Blitz-May-28-2024"]
[Site "Chess.com"]
[Date "2024.05.28"]
[Round "9"]
[White "SRob2003"]
[Black "Vladimir_Zakhartsov"]
[Result "0-1"]
[WhiteElo "2692"]
[BlackElo "2876"]
[TimeControl "180+1"]
[EndTime "15:44:22 PDT"]
[Termination "Vladimir_Zakhartsov won by resignation"]

1. c4 e6 2. g3 d5 3. Bg2 Nf6 4. Nf3 dxc4 5. Qa4+ Nbd7 6. Qxc4 a6 7. Qc2 c5 8. a4 Be7 9. a5 O-O 10. O-O Rb8 11. Nc3 b5 12. axb6 Nxb6 13. d3 Nfd5 14. Ne5 Nb4 15. Qb3 Qc7 16. Nc4 N6d5 17. Qd1 Qd8 18.
Bd2 Bb7 19. Na4 Bc6 20. Qb1 Bb5 21. Rc1 Rc8 22. Nc3 Bc6 23. Ne4 h6 24. Nc3 Bb7 25. Na5 Ba8 26. Nxd5 exd5 27. Bxb4 cxb4 28. Nb3 Qb6 29.
Rc2 Bb7 30. Qd1 Rxc2 31. Qxc2 Rc8 32. Qd2 Bg5 33. e3 d4 34. Re1 dxe3 35. fxe3 Bxg2 36. Kxg2 a5 37. d4 Qc6+ 38. Kg1 Qd5 39. Qd3 a4 40. Nd2 a3 41. bxa3 Rc3 42. Qe4 Qxe4 43. Nxe4 Rxe3 44.
Kf1 Rxe1+ 45. Kxe1 bxa3 46. Nc3 Bf6 0-1

[Event "Late-Titled-Tuesday-Blitz-May-28-2024"]
[Site "Chess.com"]
[Date "2024.05.28"]
[Round "9"]
[White "marik_spb"]
[Black "Mikhail_Golubev"]
[Result "0-1"]
[WhiteElo "2512"]
[BlackElo "2634"]
[TimeControl "180+1"]
[EndTime "15:44:22 PDT"]
[Termination "Mikhail_Golubev won by checkmate"]

1. d4 Nf6 2. Nf3 d6 3. c4 g6 4.
g3 Bg7 5. Bg2 O-O 6. Nc3 Nbd7 7.
O-O e5 8. e4 Re8 9. d5 Nc5 10.
Qc2 a5 11. Ne1 Rf8 12. a3 a4 13. Be3 Nb3 14. Rd1 Bd7 15. Nd3 Ng4 16. Bc1 Nxc1 17. Rxc1 b6 18. h3 Nf6 19. f4 Nh5 20. Qf2 f5 21.
Rce1 exf4 22. Nxf4 fxe4 23. Qe3 Bxc3 24. Qxc3 Nxf4 25.
Rxf4 Rxf4 26. gxf4 Qh4 27. Rxe4 Re8 28. Rxe8+ Bxe8 29. Qe3 Bd7 30. Kh2 Kf7 31. Qg3 Qf6 32. Qf2 g5 33.
Kg3 h5 34. fxg5 h4+ 35. Kxh4 Qxf2+ 36. Kh5 Qxg2 37. h4 Qg4+ 38. Kh6 Qxh4# 0-1

[Event "Late-Titled-Tuesday-Blitz-May-28-2024"]
[Site "Chess.com"]
[Date "2024.05.28"]
[Round "9"]
[White "janhelmer03"]
[Black "SHIVACalypso"]
[Result "0-1"]
[WhiteElo "2389"]
[BlackElo "2540"]
[TimeControl "180+1"]
[EndTime "15:44:24 PDT"]
[Termination "SHIVACalypso won on time"]

1. Nf3 b6 2. e4 Bb7 3. Nc3 e6 4. d4 Bb4 5. Bd3 Nf6 6. Nd2 Bxc3 7. bxc3 d5 8. e5 Nfd7 9. Qg4 g6 10. Nf3 c5 11. Bg5 Qc7 12. O-O Nc6 13. Qh4 h5 14. Bf6 Nxf6 15. Qxf6 Rg8 16. Ng5 Qe7 17. Qf4 c4 18.
Be2 Rg7 19. h4 O-O-O 20. g3 Rf8 21. Qf6 Qxf6 22. exf6 Rgg8 23. Rfe1 Nb8 24. Nh7 Re8 25. f3 Nd7 26. g4 Rh8 27. Ng5 Ref8 28. a4 Nxf6 29. a5 b5 30. a6 Bc6 31. Kg2 Kc7 32. Kg3 Kb6 33. Nh3 hxg4 34. fxg4 Ne4+ 35. Kf4 Nxc3 36.
Kg3 Ne4+ 37. Kf4 Rxh4 38. Bf1 f5 39. Bg2 Rxg4+ 0-1

[Event "Late-Titled-Tuesday-Blitz-May-28-2024"]
[Site "Chess.com"]
[Date "2024.05.28"]
[Round "9"]
[White "ExchangeAB"]
[Black "Cuchulin"]
[Result "0-1"]
[WhiteElo "2472"]
[BlackElo "2264"]
[TimeControl "180+1"]
[EndTime "15:44:24 PDT"]
[Termination "Cuchulin won by resignation"]

1. d4 d5 2. Nf3 Nf6 3. Bf4 e6 4. e3 Bd6 5. Bd3 Bxf4 6. exf4 O-O 7. O-O Nbd7 8. c3 c5 9. dxc5 Nxc5 10. Bc2 Qb6 11.
Qc1 Bd7 12. Nbd2 Na4 13. Nb3 Bc6 14. Ne5 Nc5 15. Nxc5 Qxc5 16. Qd2 Rfd8 17. Qd4 Qd6 18. Rfe1 b5 19. Rad1 a5 20. Qb6 Rdc8 21. h3 Qc7 22. Qe3 b4 23. Bb1 bxc3 24. Qxc3 Ba4 25. Qxc7 Rxc7 26.
Rc1 Rac8 27. Rxc7 Rxc7 28. f3 g6 29. Kf2 Bb5 30. Ke3 Ne8 31. Kd2 Nd6 32. b3 Nf5 33.
Bxf5 gxf5 34. g4 fxg4 35. fxg4 f6 36. Nd3 Kf7 37. Rc1 Rxc1 38. Nxc1 e5 39. Ke3 Ke6 40. a4 d4+ 41. Kf2 Ba6 42. Na2 e4 43. b4 Bc4 44.
Nc1 axb4 45. a5 b3 46. a6 b2 47. a7 Bd5 48. a8=Q Bxa8 0-1

[Event "Late-Titled-Tuesday-Blitz-May-28-2024"]
[Site "Chess.com"]
[Date "2024.05.28"]
[Round "9"]
[White "KatakuriDono"]
[Black "maracayo"]
[Result "1-0"]
[WhiteElo "2308"]
[BlackElo "2404"]
[TimeControl "180+1"]
[EndTime "15:44:25 PDT"]
[Termination "KatakuriDono won on time"]

1. e4 d6 2. d4 Nf6 3. Nd2 c6 4.
Ngf3 Qa5 5. c3 e5 6. dxe5 dxe5 7. Bd3 Nbd7 8. O-O Be7 9. Nc4 Qc7 10. Ne3 Nc5 11. Bc2 O-O 12. Qe2 Re8 13. Nc4 Bf8 14.
Bg5 Nfd7 15. Rad1 Ne6 16. Be3 b6 17. Rd2 Ba6 18. Rfd1 Rad8 19. b3 f6 20. Nh4 Ndc5 21. Nf5 Nf4 22. Qg4 Rxd2 23. Rxd2 Kh8 24. Ncd6 Ra8 25.
b4 Nce6 26. Bb3 g6 27. Bxf4 gxf5 28. exf5 Bxd6 29. fxe6 Qe7 30. Bh6 Rg8 31. Qf5 Bc8 32.
Rxd6 1-0

[Event "Late-Titled-Tuesday-Blitz-May-28-2024"]
[Site "Chess.com"]
[Date "2024.05.28"]
[Round "9"]
[White "David_ATM"]
[Black "subham777"]
[Result "0-1"]
[WhiteElo "2418"]
[BlackElo "2559"]
[TimeControl "180+1"]
[EndTime "15:44:26 PDT"]
[Termination "subham777 won on time"]

1. e4 e6 2. d4 d5 3. exd5 exd5 4. Bd3 Nf6 5. h3 Bd6 6. Qf3 h6 7. Ne2 O-O 8. O-O Re8 9. Bf4 c5 10. c3 Nc6 11. Bxd6 Qxd6 12. Nd2 cxd4 13. Nxd4 Nxd4 14. cxd4 Qb4 15. Nb3 a5 16. a3 Qa4 17. Rfd1 Ne4 18.
Nc5 Nxc5 19. dxc5 Be6 20. Rac1 Rac8 21. Bc2 Qb5 22. Qd3 Qxd3 23. Bxd3 Rc7 24. b4 axb4 25. axb4 Rec8 26. Ra1 Kf8 27. Ra7 Ke7 28. Be2 Rd8 29. Bf3 f5 30. g3 g5 31. Bg2 f4 32. h4 Kf6 33. hxg5+ hxg5 34. gxf4 gxf4 35. Ra3 Rg7 36. Kf1 Rdg8 37. Bf3 Re7 38. Bg2 Bg4 39. Re1 Be6 40. b5 Reg7 41. Bf3 d4 42. c6 Bc4+ 0-1

[Event "Late-Titled-Tuesday-Blitz-May-28-2024"]
[Site "Chess.com"]
[Date "2024.05.28"]
[Round "9"]
[White "Roedor"]
[Black "VirtualCoach"]
[Result "1-0"]
[WhiteElo "2334"]
[BlackElo "2192"]
[TimeControl "180+1"]
[EndTime "15:44:28 PDT"]
[Termination "Roedor won by resignation"]

1. Nf3 c5 2. c4 Nc6 3. Nc3 Nf6 4. g3 d5 5. d4 cxd4 6. Nxd4 e5 7. Nxc6 bxc6 8. cxd5 cxd5 9. Bg2 Be6 10. Bg5 e4 11.
O-O Be7 12. Nb5 O-O 13. Nd4 Qd7 14. Rc1 Rac8 15. Qd2 h6 16. Bf4 Nh5 17. Be3 Bh3 18. Rxc8 Rxc8 19. Rc1 Nf6 20. Rxc8+ Qxc8 21. Qc1 Qxc1+ 22.
Bxc1 Bxg2 23. Kxg2 Bc5 24. Be3 Nd7 25. a3 Ne5 26. b4 Bb6 27. a4 a5 28. bxa5 Bxa5 29.
Nb3 Bc7 30. a5 Nc4 31. a6 Nxe3+ 32. fxe3 Bb6 33. Na5 Bxe3 34. Nc6 Kf8 35. a7 Bxa7 36. Nxa7 Ke7 37. e3 Ke6 38. Nc6 f5 39. Nd4+ Ke5 40.
Kh3 g5 41. Ne2 h5 42. Kg2 Ke6 43. h4 gxh4 44. gxh4 Ke5 45. Kg3 Ke6 46. Kf4 Kf6 47.
Nd4 Kg6 48. Nxf5 1-0

[Event "Late-Titled-Tuesday-Blitz-May-28-2024"]
[Site "Chess.com"]
[Date "2024.05.28"]
[Round "9"]
[White "yaguigor"]
[Black "HajiyevKanan"]
[Result "1-0"]
[WhiteElo "2593"]
[BlackElo "2472"]
[TimeControl "180+1"]
[EndTime "15:44:29 PDT"]
[Termination "yaguigor won by resignation"]

1. e4 c6 2. d4 a6 3. Nf3 d5 4. e5 Bg4 5. Bd3 e6 6. h3 Bh5 7. Nbd2 c5 8. c3 Nc6 9. Be2 Qb6 10. Nb3 cxd4 11. Nbxd4 Bc5 12. O-O Bxd4 13. Nxd4 Bxe2 14. Qxe2 Nxd4 15. Qe3 Ne7 16. Qxd4 Qxd4 17. cxd4 Rc8 18. Be3 Kd7 19. Rfc1 b5 20. Kf1 Rxc1+ 21. Rxc1 Rc8 22.
Rxc8 Kxc8 23. g4 Nc6 24. Ke2 Na5 25. b3 Kd7 26. Kd3 Nc6 27. Bd2 a5 28. a4 b4 29. f4 g6 30. Be1 Ke8 31. Bh4 Kf8 32.
Bf6 h6 33. Ke3 Kg8 34. Kd3 Kh7 35. Ke3 h5 36. Kd3 Kh6 37. Ke3 hxg4 38. hxg4 Kh7 39. Kd3 Kg8 40. Ke3 Kf8 41. Kd3 Ke8 42. Bh4 Nb8 43. Ke3 Nd7 44. Kd3 Kf8 45. Bd8 g5 46.
fxg5 Kg7 47. Bxa5 Kg6 48. Bxb4 Kxg5 49. Bd6 Kxg4 50. a5 Kf5 51. b4 f6 52. exf6 Kxf6 53.
b5 e5 54. dxe5+ Ke6 55. a6 Nb6 56. Bc7 Na8 57. b6 1-0

[Event "Late-Titled-Tuesday-Blitz-May-28-2024"]
[Site "Chess.com"]
[Date "2024.05.28"]
[Round "9"]
[White "topce"]
[Black "betta2004"]
[Result "1-0"]
[WhiteElo "2415"]
[BlackElo "2541"]
[TimeControl "180+1"]
[EndTime "15:44:30 PDT"]
[Termination "topce won by resignation"]

1. e4 c6 2. d4 d5 3. e5 Bf5 4. h4 h5 5. Bd3 Bxd3 6. Qxd3 e6 7. Bg5 Qb6 8. Nd2 Nd7 9. Ngf3 c5 10. c4 dxc4 11. Nxc4 Qa6 12. d5 Nb6 13. dxe6 Qxc4 14. exf7+ Kxf7 15. Qf5+ Ke8 16. Qg6+ Qf7 17. Qe4 Be7 18.
e6 Qf8 19. Qxb7 Bxg5 20. Nxg5 Qe7 21. Qc6+ Kf8 22. O-O-O Nf6 23. Rhe1 g6 24. Re3 Rc8 25. Qf3 Kg7 26. Rde1 c4 27. Nf7 c3 28. Nxh8 cxb2+ 29. Kb1 Nc4 30. Rd3 Rd8 31. Rxd8 Qxd8 32. Qe2 Qd4 33.
Qxc4 Qxc4 34. e7 Ne4 35. e8=Q Nd2+ 36. Kxb2 Qb4+ 37. Kc2 Qc4+ 38. Kxd2 Qd4+ 39. Ke2 Qc4+ 40. Kf3 Qc3+ 41. Re3 Qf6+ 42. Ke2 Qb2+ 43. Kf3 Qf6+ 44. Kg3 Qd6+ 45. Qe5+ Qxe5+ 46. Rxe5 Kxh8 47. Re7 1-0

[Event "Late-Titled-Tuesday-Blitz-May-28-2024"]
[Site "Chess.com"]
[Date "2024.05.28"]
[Round "9"]
[White "wonderfultime"]
[Black "Msb2"]
[Result "1-0"]
[WhiteElo "3045"]
[BlackElo "3039"]
[TimeControl "180+1"]
[EndTime "15:44:31 PDT"]
[Termination "wonderfultime won by resignation"]

1. d4 d5 2. Bf4 c5 3. c3 Nc6 4. e3 e6 5. Nd2 Bd6 6. Bg3 Nge7 7.
Ngf3 cxd4 8. cxd4 O-O 9. Bd3 Nf5 10. O-O Nxg3 11. hxg3 Bd7 12. Rc1 Rc8 13. a3 g6 14.
Nb3 b6 15. Qd2 Qe7 16. e4 dxe4 17. Bxe4 Rc7 18. Rfe1 Qf6 19. Rc3 Rfc8 20. Nh2 h5 21. Nf3 Ne7 22. Rxc7 Rxc7 23. Qe2 Bc6 24. Nbd2 Bd5 25.
Bxd5 Nxd5 26. Ne4 Qd8 27. Ne5 Nf6 28. Nc3 Bxa3 29. Nb5 Bb4 30. Ra1 Rb7 31. Nc6 Qf8 32. Nbxa7 Nd5 33. Nb5 Be7 34. Ne5 Bf6 35. Qf3 Kg7 36.
Nc3 Qd8 37. Ne4 Bxe5 38. dxe5 Qb8 39. Nd6 Ra7 40. Rc1 Rc7 41. Rxc7 Qxc7 42. Ne8+ 1-0

[Event "Late-Titled-Tuesday-Blitz-May-28-2024"]
[Site "Chess.com"]
[Date "2024.05.28"]
[Round "9"]
[White "Jahonas"]
[Black "aval7an"]
[Result "1/2-1/2"]
[WhiteElo "2471"]
[BlackElo "2675"]
[TimeControl "180+1"]
[EndTime "15:44:32 PDT"]
[Termination "Game drawn by repetition"]

1. d4 e6 2. c3 d5 3. Nf3 Bd6 4. Bg5 f6 5. Bh4 Ne7 6. Nbd2 c5 7. e4 Nbc6 8. Bb5 O-O 9. dxc5 Bxc5 10. O-O a6 11.
Bd3 Qb6 12. Nb3 Rd8 13. Qc2 dxe4 14. Bxe4 h6 15. Rad1 Bd7 16. Bg3 Be8 17. h4 Rac8 18. Nxc5 Qxc5 19. Rxd8 Rxd8 20. Rd1 Rxd1+ 21. Qxd1 Bg6 22.
Bxg6 Nxg6 23. Qd7 Qe7 24. Qc8+ Kh7 25. h5 Nh8 26. Nd4 Nxd4 27. cxd4 Nf7 28. Qc2+ Kg8 29. Qc8+ Kh7 30. a3 f5 31. Bf4 Nd6 32. Bxd6 Qxd6 33. Qxb7 Qxd4 34. Qf7 Qxb2 35. Qg6+ Kh8 36. Qe8+ Kh7 37.
Qg6+ Kh8 38. Qxe6 Qxa3 39. Qe8+ Kh7 40. Qg6+ Kg8 41. Qxf5 Qa2 42. Qc8+ Kf7 43. Qf5+ Ke7 44. Qe5+ Kf7 45. Qf5+ Kg8 46. Qc8+ Kh7 47. Qf5+ Kg8 1/2-1/2

[Event "Late-Titled-Tuesday-Blitz-May-28-2024"]
[Site "Chess.com"]
[Date "2024.05.28"]
[Round "9"]
[White "yobdc"]
[Black "Hakiki_satranc"]
[Result "1-0"]
[WhiteElo "2544"]
[BlackElo "2415"]
[TimeControl "180+1"]
[EndTime "15:44:33 PDT"]
[Termination "yobdc won by checkmate"]

1. e4 e5 2. Nf3 Nc6 3. Bc4 Nf6 4. d3 h6 5. c3 d6 6. Bb3 Qe7 7. Nbd2 g6 8. Nc4 Bg7 9. Ne3 Be6 10. h4 Ng4 11. h5 Nxe3 12. Bxe3 O-O-O 13. hxg6 fxg6 14. Nh4 Qf7 15. Qg4 Bxg4 16. Bxf7 g5 17. Ng6 Rh7 18. Bxg5 Rd7 19. Bg8 hxg5 20. Rxh7 Bf6 21. f3 Rxh7 22. Bxh7 Be6 23. Nf8 Bf7 24. Ke2 Kd8 25. Bf5 Ke7 26. Nh7 Bg8 27. Rh1 Nd8 28. Nxf6 Kxf6 29. Rh6+ Kg7 30. Rg6+ Kf7 31. Rxg5 Kf8 32. a3 Bf7 33.
Rg3 Ke7 34. Rh3 Kf6 35. g3 Kg7 36. f4 c6 37. Rh7+ Kg8 38. Kf3 b5 39. g4 exf4 40. Kxf4 Be6 41. Rxa7 Bxf5 42. exf5 Nf7 43. g5 Ne5 44. g6 c5 45. Kg5 Nxd3 46. f6 Kf8 47. Ra8# 1-0

[Event "Late-Titled-Tuesday-Blitz-May-28-2024"]
[Site "Chess.com"]
[Date "2024.05.28"]
[Round "9"]
[White "Konavets"]
[Black "lachesisQ"]
[Result "1-0"]
[WhiteElo "3120"]
[BlackElo "3067"]
[TimeControl "180+1"]
[EndTime "15:44:34 PDT"]
[Termination "Konavets won on time"]

1. e4 Nf6 2. e5 Nd5 3. d4 d6 4.
Nf3 dxe5 5. Nxe5 g6 6. Qf3 Be6 7. Bc4 Bg7 8. O-O O-O 9. Re1 c5 10. dxc5 Nd7 11. Nd3 Nc7 12. Na3 Qc8 13. Be3 Bxc4 14.
Nxc4 Ne6 15. c3 Re8 16. Na5 Ndxc5 17. Nxc5 Nxc5 18. Rad1 Rb8 19. Rd5 b6 20. Bxc5 bxc5 21. Rd2 e6 22. Nc4 Qa6 23. b3 Rbd8 24. Red1 Rxd2 25. Rxd2 Qc8 26. h4 h5 27. g3 Rd8 28.
Nd6 Qc7 29. Nb5 Qe7 30. Rxd8+ Qxd8 31. Nxa7 Qa5 32. Nc6 Qc7 33. a4 Bf6 34. b4 cxb4 35.
cxb4 Kg7 36. b5 e5 37. Qe4 Qd6 38. a5 Kh7 39. b6 Bg7 40. b7 f5 41. Qc2 e4 42.
b8=Q 1-0

[Event "Late-Titled-Tuesday-Blitz-May-28-2024"]
[Site "Chess.com"]
[Date "2024.05.28"]
[Round "9"]
[White "ImportedItalianMaple"]
[Black "CheckBits"]
[Result "1-0"]
[WhiteElo "2537"]
[BlackElo "2406"]
[TimeControl "180+1"]
[EndTime "15:44:34 PDT"]
[Termination "ImportedItalianMaple won on time"]

1. e4 e5 2. Nc3 Nf6 3. Bc4 Nc6 4.
d3 Na5 5. f4 Nxc4 6. dxc4 Bb4 7. Qf3 Bxc3+ 8. Qxc3 O-O 9. fxe5 Nxe4 10. Qf3 d5 11. Ne2 c6 12. O-O Qb6+ 13. Kh1 Be6 14.
Nf4 Rae8 15. cxd5 Bxd5 16. b3 Rxe5 17. Bb2 Rg5 18. Rad1 Ng3+ 19. Qxg3 Rxg3 20. Nxd5 cxd5 21. hxg3 Qc6 22. Rf2 Re8 23. Rfd2 h6 24. Bd4 Re4 25. c3 Qa6 26. Rf2 Re2 27. Rd2 Rxd2 28. Rxd2 Qf1+ 29. Kh2 Qe1 30. Rf2 a6 31. Rf3 f6 32. a4 Kf7 33. a5 Qe4 34. b4 Qc2 35. Re3 Kg6 36.
Kh3 Qf5+ 37. Kh2 Qf1 38. Rf3 h5 39. Rxf1 1-0

[Event "Late-Titled-Tuesday-Blitz-May-28-2024"]
[Site "Chess.com"]
[Date "2024.05.28"]
[Round "9"]
[White "YellowJacek"]
[Black "MrEscacs"]
[Result "1-0"]
[WhiteElo "2361"]
[BlackElo "2186"]
[TimeControl "180+1"]
[EndTime "15:44:35 PDT"]
[Termination "YellowJacek won on time"]

1. e4 Nf6 2. e5 Nd5 3. d4 d6 4. Nf3 Bg4 5. Be2 e6 6. exd6 cxd6 7. h3 Bh5 8. c4 Nb6 9. g4 Bg6 10. Nc3 Be7 11. h4 h6 12. h5 Bh7 13. Bf4 Nc6 14. d5 exd5 15. Nxd5 Nxd5 16. Qxd5 Qa5+ 17. Qxa5 Nxa5 18.
Rd1 Rd8 19. Nd4 a6 20. b3 O-O 21. Bf3 Rd7 22. Bd2 b6 23. O-O Nb7 24. Rfe1 Bf6 25.
Be3 Nc5 26. Nf5 Bxf5 27. gxf5 Re8 28. b4 Ne4 29. Bxb6 Rde7 30. c5 Ng5 31. Rxe7 Nxf3+ 32. Kg2 Nh4+ 33. Kh3 Bxe7 34. c6 Rc8 35. c7 Nxf5 36. a4 d5 37. b5 Bd6 38. Rxd5 Bxc7 39. Rc5 axb5 40. axb5 Bxb6 41. Rxc8+ Kh7 42. f3 Ne7 43. Rb8 Nd5 44. Rb7 f6 45. Rd7 Nf4+ 46. Kg4 Ne6 47. Rd6 1-0

[Event "Late-Titled-Tuesday-Blitz-May-28-2024"]
[Site "Chess.com"]
[Date "2024.05.28"]
[Round "9"]
[White "Shuvalov"]
[Black "Romadk"]
[Result "1-0"]
[WhiteElo "2567"]
[BlackElo "2463"]
[TimeControl "180+1"]
[EndTime "15:44:36 PDT"]
[Termination "Shuvalov won by resignation"]

1. d4 Nf6 2. c4 e6 3. Nf3 d5 4. Nc3 Bb4 5. cxd5 exd5 6. Bg5 Qd6 7. Nd2 c6 8. e3 Bf5 9. Qf3 Bg6 10. Bxf6 gxf6 11.
Qd1 Nd7 12. a3 Ba5 13. Nb3 Bc7 14. g3 f5 15. Rc1 Nf6 16. Nc5 Rb8 17. Ne2 Ne4 18.
Nf4 Qe7 19. Ncd3 h5 20. h4 Kf8 21. Be2 Kg7 22. Kf1 Rbe8 23. Bf3 f6 24. Qe2 Bf7 25. Re1 Bd6 26. Kg2 Reg8 27. Bxh5 Kf8 28. Bf3 Be8 29. b4 Qg7 30. Rh3 Rxh4 31. Ne6+ Kf7 32. Nxg7 Rxg7 33. Rxh4 Nxg3 34. fxg3 Rxg3+ 35. Kf2 Rg7 36. Rh3 Bd7 37.
Nf4 a5 38. bxa5 Bxa3 39. Reh1 Bb4 40. Rh7 Bxa5 41. Rxg7+ Kxg7 42. Qf1 Kf7 43. Qh3 Ke7 44. Qh8 Kd6 45. Rh7 Bd2 46. Qd8 1-0

[Event "Late-Titled-Tuesday-Blitz-May-28-2024"]
[Site "Chess.com"]
[Date "2024.05.28"]
[Round "9"]
[White "RAU4ever"]
[Black "Orest_Vovk"]
[Result "0-1"]
[WhiteElo "2361"]
[BlackElo "2511"]
[TimeControl "180+1"]
[EndTime "15:44:43 PDT"]
[Termination "Orest_Vovk won by checkmate"]

1. e4 g5 2. d4 g4 3. c4 Bg7 4. Nc3 c5 5. Be3 h5 6. Nge2 Nc6 7. f4 cxd4 8. Nxd4 d6 9. Qd2 Qa5 10. Nb3 Bxc3 11. bxc3 Qa4 12. e5 dxe5 13. fxe5 Nxe5 14. Bd4 f6 15. Bxe5 fxe5 16. Qg5 Nf6 17. Qg6+ Kf8 18. Bd3 Be6 19. Nc5 Qc6 20. Rf1 Bf7 21. Qg5 Qxc5 22. O-O-O Qa3+ 23. Kb1 Qxc3 24. Rxf6 exf6 25. Qxf6 Rg8 26.
Qd6+ Kg7 27. Rf1 e4 28. Rxf7+ Kxf7 29. Qd7+ Kf6 30. Qd6+ Kg5 31. Qd5+ Kh6 32. Bxe4 Raf8 33. Qd6+ Qf6 34. Qd2+ Qf4 35. Qd5 Qf1+ 36. Kb2 Rf2+ 37. Kb3 Rf6 38. Qxg8 Rb6+ 39. Kc3 Qe1+ 40. Kd4 Qf2+ 41.
Ke5 Qf6+ 42. Kd5 Qd6# 0-1